 Dungeon Crawl Stone Soup version 0.32-a0-886-g41c5271027 (webtiles) character file.

Game seed: 9874124363042331109

9133 Shayle the Toxicologist (level 11, -2/83 HPs)
             Began as a Coglin Alchemist on Apr 2, 2024.
             Was an Elder of Vehumet.
             Succumbed to orange demon's concentrated venom
             ... on level 1 of the Lair of Beasts.
             The game lasted 01:14:37 (11275 turns).

Shayle the Toxicologist (Coglin Alchemist)         Turns: 11275, Time: 01:14:37

Health: -2/83      AC: 12    Str:  7    XL:     11   Next: 41%
Magic:  12/22      EV: 11    Int: 19    God:    Vehumet [****..]
Gold:   300        SH:  0    Dex: 18    Spells: 13/25 levels left

rFire   + . .        g - +7 hand cannon "Mule" {flame, backblast, rF+}
rCold   . . .        C - +3 sling (heavy) {Rabni}
rNeg    . . .        a - +1 robe
rPois   .            (no helmet)
rElec   .            N - +2 cloak
rCorr   .            Q - +2 pair of gloves
SInv    .            K - +2 pair of boots
Will    .....        (amulet unavailable)
Stlth   ++           (ring unavailable)
HPRegen 0.33/turn    (ring unavailable)
MPRegen 0.18/turn    (no gizmo)

%: no passive effects
@: brilliant, lethally poisoned (-2 -> -19), slowed, revving, very slow
A: off-hand wielding, slow wielding, warmup strikes, no jewellery, agile 1
a: Invent Gizmo, Renounce Religion


You were on level 1 of the Lair of Beasts.
You worshipped Vehumet.
Vehumet was greatly pleased with you.
You visited 2 branches of the dungeon, and saw 9 of its levels.

You collected 472 gold pieces.
You spent 172 gold pieces at shops.

Inventory:

Hand Weapons
 g - the +7 hand cannon "Mule" (weapon) {flame, backblast, rF+}
   (You acquired it on level 8 of the Dungeon)

   rF+:       It protects you from fire.
 m - a +0 vampiric rapier {Balvinder}
 p - a +1 dagger of freezing
 u - a +1 morningstar {Octavia}
 w - a +2 dagger of holy wrath {Shu}
 z - a +1 flail of holy wrath {Hwan}
 C - a +3 heavy sling (offhand) {Rabni}
 G - a +3 mace of protection
 H - a +3 trident of draining {Heine}
 O - a +4 dagger of pain
Missiles
 c - a throwing net
Armour
 a - a +1 robe (worn)
 i - the +0 toga "Victory" {*Victory Clar}
   (You found it on level 4 of the Dungeon)

   *Victory:  When the wearer kills a threatening monster, it has a chance to
   gain +1 AC, +1 Slay, and +1 Int, capping at +7.
   When the wearer uses a scroll or a potion with a hostile monster in sight,
   its bonuses reset to +0.
   Unequipping it also resets its bonuses to +0.
   Clar:      It protects you from confusion, rage, mesmerisation and fear.
 K - a +2 pair of boots (worn)
 N - a +2 cloak (worn)
 Q - a +2 pair of gloves (worn)
Wands
 l - a wand of mindburst (6)
 q - a wand of warping (10)
 v - a wand of flame (35)
Scrolls
 d - 3 scrolls of teleportation
 r - 3 scrolls of vulnerability
 y - 4 scrolls of poison
 B - a scroll of immolation
Potions
 b - 3 potions of magic
 h - a potion of mutation
 n - a potion of invisibility
 o - a potion of berserk rage
 s - a potion of degeneration
 x - 3 potions of resistance
 A - a potion of ambrosia {unknown}
 E - a potion of enlightenment {unknown}
 I - 2 potions of brilliance
 M - a potion of lignification {unknown}
 P - a potion of haste {unknown}


   Skills:
 + Level 6.5 Fighting
 - Level 1.7 Dodging
 - Level 1.5 Stealth
 - Level 7.5 Spellcasting
 - Level 7.9 Conjurations
 + Level 5.9 Fire Magic
 - Level 10.0 Alchemy


You had 13 spell levels left.
You knew the following spells:

 Your Spells              Type           Power      Damage    Failure   Level
a - Sting                 Conj/Alch      100%       1d9       1%          1
b - Mephitic Cloud        Conj/Alch/Air  44%        N/A       1%          3
c - Olgreb's Toxic Radia  Alch           61%        N/A       1%          4
d - Sticky Flame          Fire/Alch      54%        2d10      1%          4

Your spell library contained the following spells:

 Spells                   Type           Power      Damage    Failure   Level
 Iskenderun's Mystic Bla Conj/Tloc 33%            2d8        (+2d4     5%          4
 Magic Dart               Conj           100%       1d8       1%          1
 Mercury Vapours          Alch/Air       78%        N/A       1%          2
 Searing Ray              Conj           100%       2d8       1%          2
 Fulminant Prism          Conj/Alch      28%        3d14      1%          4
 Slow                     Hex            40%        N/A       10%         1
 Call Imp                 Summ           20%        N/A       14%         2
 Sublimation of Blood     Necr           10%        N/A       14%         2
 Confusing Touch          Hex            10%        N/A       28%         3
 Vampiric Draining        Necr           10%        2d6       28%         3
 Summon Hydra             Summ           5%         N/A       100%        7


Dungeon Overview and Level Annotations

Branches:
Dungeon (8/15)             Temple (0/1) D:5            Lair (1/5) D:8

Altars:
Cheibriados
Fedhas
Gozag
Kikubaaqudgha
Sif Muna
Vehumet

Shops:
D:3 (   D:5 *   D:7 ?


Innate Abilities, Weirdness & Mutations

You can wield a second weapon in your off-hand.
It takes a long time for you to wield or remove held weapons.
Your first few attacks do less damage.
You cannot equip rings or amulets.
You are agile. (Dex +4, Str/Int -1)


Message History

Confirm with . or Enter, or press ? or * to list all spells.
Aiming: Sticky Flame (mildly dangerous; 1% risk of failure)
Press: ? - help, Shift-Dir - straight line, f/p - cane toad
Aim: a cane toad (lightly wounded)
The sticky flame hits the cane toad!
The cane toad is heavily wounded.
The komodo dragon looks even sicker.
Your toxic aura wanes.
The orange demon seems less confused.
The cane toad burns!
The cane toad stings you!
You are poisoned.
The cane toad poisons you! The orange demon stings you.
You are lethally poisoned!
You have difficulty breathing.
You feel yourself slow down. The orange demon barely misses you.
The komodo dragon barely misses the orange demon.
You feel better.
The cane toad burns!
You kill the cane toad!
Vehumet accepts your kill.
You feel your power returning. The orange demon stings you.
You are poisoned.
You have difficulty breathing.
You feel as though you will be slow longer.
The orange demon hits you. The komodo dragon bites you!
The orange demon stings you but does no damage.
The orange demon hits you.
* * * LOW HITPOINT WARNING * * *
The komodo dragon barely misses you.
Unknown command.
As you read the scroll of fear, it crumbles to dust.
You assume a fearsome visage.
The orange demon easily resists.
The komodo dragon looks frightened!
* * * LOW HITPOINT WARNING * * *
You feel extremely sick.
The orange demon looks more healthy.
The orange demon stings you!
* * * LOW HITPOINT WARNING * * *
The orange demon closely misses you.
It was a potion of brilliance.
You feel clever all of a sudden.
You die...

....... ....... .
##..### .. .###.### .#
........ . #####.#
##...### ... #...#.#
#...# ....P###4....#####
..###
.......@.........###.##.
.........l..#........##.
..#.........##....##....
#..#..[......### #.P..
........#.#†..# #....
.##.....#......# ###....
......#.....)###...###
.#..................#
....###...........#


You could see an orange demon (curare) and a komodo dragon (confused, fleeing,
very poisoned).

Vanquished Creatures
  Amaemon (Lair:1)
  Maurice (D:8)
  3 cane toads
  A rime drake (D:8)
  Jeremiah (D:6)
  2 komodo dragons (Lair:1)
  A polar bear (D:8)
  5 blink frogs (Lair:1)
  Eustachio (D:6)
  A steam dragon (D:8)
  3 water moccasins
  2 black bears (D:5)
  3 orc warriors (D:8)
  7 ice beasts
  A centaur (D:5)
  A wolf (D:8)
  3 ogres
  Blork the orc (D:6)
  8 bullfrogs
  3 scorpions
  13 wights
  4 killer bees (D:7)
  3 vampire bats (D:3)
  7 bombardier beetles
  4 howler monkeys
  Crazy Yiuf (D:7)
  A hound (D:5)
  4 jellies
  5 orc priests
  2 iguanas
  A sleepcap (D:5)
  Natasha (thrice) (D:2)
  9 orc wizards
  4 gnolls
  6 adders
  A shadow imp (D:6)
  5 white imps
  5 ribbon worms
  3 dart slugs
  29 orcs
  2 bat skeletons (D:3)
  4 bat zombies (D:3)
  7 endoplasms
  5 giant cockroaches
  6 hobgoblins
  3 jackals (D:4)
  4 quokkas
  3 ball pythons
  6 bats
  3 frilled lizards
  12 goblins
  7 kobolds
  5 rats
226 creatures vanquished.

Notes
Turn   | Place    | Note
-------+----------+-------------------------------------------
     0 | D:1      | Shayle the Coglin Alchemist began the quest for the Orb.
     0 | D:1      | Reached XP level 1. HP: 13/13 MP: 3/3
   101 | D:1      | Reached skill level 1 in Conjurations
   242 | D:1      | Reached XP level 2. HP: 19/19 MP: 3/5
   399 | D:1      | Reached XP level 3. HP: 8/24 MP: 3/6
  1785 | D:2      | Reached skill level 4 in Alchemy
  1820 | D:2      | Noticed Natasha
  1827 | D:2      | Killed Natasha
  1828 | D:2      | Reached XP level 4. HP: 20/30 MP: 2/7
  2283 | D:2      | Noticed Natasha
  2287 | D:2      | Killed Natasha
  2288 | D:2      | Reached XP level 5. HP: 35/35 MP: 5/9
  2529 | D:2      | Noticed Natasha
  2538 | D:2      | Killed Natasha
  2892 | D:3      | Found a radiant altar of Vehumet.
  2907 | D:3      | Became a worshipper of Vehumet
  3024 | D:3      | Found an ancient bone altar of Kikubaaqudgha.
  3035 | D:3      | Gained mutation: You are agile. (Dex +4, Str/Int -1)
                  | [potion of mutation]
  3226 | D:3      | Learned a level 3 spell: Mephitic Cloud
  3231 | D:3      | Learned a level 4 spell: Olgreb's Toxic Radiance
  3388 | D:3      | Found Laeplept's Weapon Emporium.
  3394 | D:3      | Bought a +1 flail of holy wrath for 133 gold pieces
  3761 | D:3      | Reached skill level 5 in Alchemy
  3761 | D:3      | Reached XP level 6. HP: 41/41 MP: 9/11
  4232 | D:4      | Found the +0 toga "Victory" {*Victory Clar}
  4281 | D:4      | Found a blossoming altar of Fedhas.
  4381 | D:4      | Reached * piety under Vehumet
  4381 | D:4      | Offered knowledge of Kiss of Death by Vehumet.
  4456 | D:4      | Identified the ring of the Shishi {^Contam Fly rF- rN++
                  | MP+9}
  4556 | D:4      | Reached XP level 7. HP: 45/46 MP: 2/12
  5113 | D:4      | Reached skill level 6 in Alchemy
  5301 | D:5      | Entered Level 5 of the Dungeon
  5392 | D:5      | Found Isiqain's General Store.
  5399 | D:5      | Bought a scroll of teleportation for 39 gold pieces
  5638 | D:5      | Reached XP level 8. HP: 40/52 MP: 8/14
  5653 | D:5      | Offered knowledge of Freeze by Vehumet.
  5658 | D:5      | Reached ** piety under Vehumet
  5848 | D:4      | Learned a level 4 spell: Sticky Flame
  6021 | D:5      | Reached skill level 5 in Spellcasting
  6021 | D:5      | Reached skill level 5 in Conjurations
  6123 | D:5      | Reached skill level 7 in Alchemy
  6323 | D:5      | Found a staircase to the Ecumenical Temple.
  6788 | D:6      | Reached XP level 9. HP: 54/57 MP: 14/17
  6975 | D:6      | Noticed Jeremiah
  6987 | D:6      | Killed Jeremiah
  6988 | D:6      | Reached skill level 8 in Alchemy
  7155 | D:6      | Noticed Eustachio
  7161 | D:6      | Noticed Blork the orc
  7172 | D:6      | Killed Eustachio
  7176 | D:6      | Offered knowledge of Scorch by Vehumet.
  7182 | D:6      | Killed Blork the orc
  8055 | D:6      | Reached *** piety under Vehumet
  8057 | D:6      | Reached skill level 9 in Alchemy
  8429 | D:7      | Reached XP level 10. HP: 63/63 MP: 15/20
  8470 | D:7      | Found The Oracle's Delphic Readings.
  8577 | D:7      | Found an opulent altar of Gozag.
  8579 | D:7      | Found a snail-covered altar of Cheibriados.
  8580 | D:7      | Found a shimmering blue altar of Sif Muna.
  8609 | D:7      | Offered knowledge of Brom's Barrelling Boulder by Vehumet.
  8703 | D:7      | Found a runed translucent door.
  8704 | D:7      | Noticed Crazy Yiuf
  8950 | D:7      | Killed Crazy Yiuf
  9187 | D:8      | Noticed Maurice
  9195 | D:8      | Killed Maurice
  9674 | D:8      | Reached skill level 10 in Alchemy
  9775 | D:8      | Reached skill level 1 in Fighting
  9779 | D:8      | Reached skill level 1 in Fire Magic
  9977 | D:8      | Reached **** piety under Vehumet
 10095 | D:8      | Offered knowledge of Iskenderun's Mystic Blast by Vehumet.
 10270 | D:8      | Found a staircase to the Lair.
 10715 | Lair:1   | Entered Level 1 of the Lair of Beasts
 10728 | Lair:1   | Noticed a cane toad
 10738 | Lair:1   | Killed a cane toad
 10739 | Lair:1   | Reached XP level 11. HP: 38/78 MP: 13/22
 10748 | Lair:1   | Reached skill level 5 in Fighting
 10881 | D:8      | Identified a scroll of acquirement
 10881 | D:8      | Acquired the +7 hand cannon "Mule" {flame, backblast, rF+}
 10881 | D:8      | Found the +7 hand cannon "Mule" {flame, backblast, rF+}
 10899 | D:8      | Reached skill level 5 in Fire Magic
 11244 | Lair:1   | Noticed Amaemon
 11253 | Lair:1   | Killed Amaemon
 11274 | Lair:1   | HP: 4/83 [orange demon[Amaemon] (9)]
 11275 | Lair:1   | Succumbed to orange demon's concentrated venom

Illustrated notes

Levels and vault maps discovered:
D:1:      erik_arrival_triangle_medium, layout_loops_corners,
          roderic_serpentine_path, hangedman_decor_points
D:2:      layout_basic, uniq_natasha
D:3:      layout_loops_corners, vehumet_altar_wand_db,
          kennysheep_vampire_church, serial_rivers,
          chequers_serial_rivers_micro_d, chequers_serial_rivers_marsh,
          chequers_serial_rivers_micro_c, chequers_serial_rivers_small_3,
          serial_shops, shop, minivault_26, kennysheep_generic_room_15
D:4:      layout_gridville, fedhas_altar_2, solitary_fountain,
          minmay_joined_circles
D:5:      layout_loops_ring, minmay_temple_entry_statues_fountains,
          serial_shops, shop, chequers_serial_rivers_micro_b,
          hangedman_decor_opposing, serial_bayou_pond_b,
          hangedman_decor_peaks_small
D:6:      layout_rooms, uniq_jeremiah, uniq_eustachio, uniq_blork_the_orc
D:7:      layout_loops_cross, grunt_temple_overflow_open,
          minmay_stone_trees_small, nrook_campfire, nicolae_nh_oracle_at_delphi,
          uniq_crazy_yiuf_cottage
D:8:      layout_loops_ring, hellmonk_lair_entry_icy, uniq_maurice
Lair:1:   layout_misc_corridors, uniq_amaemon

Skill      XL: |  1  2  3  4  5  6  7  8  9 10 11 |
---------------+----------------------------------+-----
Conjurations   | 1 2 3 4 5 7 |  7.9
Spellcasting   | 2 3 4 5 6 7 |  7.5
Alchemy        | 4 5 6 7 9 10 | 10.0
Fighting       | 4 6 |  6.5
Fire Magic     | 4 5 |  5.9
Dodging        | |  1.7
Stealth        | |  1.5

Action                     |  1- 3 |  4- 6 |  7- 9 | 10-12 || total
---------------------------+-------+-------+-------+-------++-------
  Melee: Unarmed           |     2 |       |       |       ||     2
         Dagger            |    22 |    55 |   131 |    23 ||   231
         Rapier            |     7 |    43 |       |       ||    50
         Morningstar       |       |    32 |       |       ||    32
         Flail             |       |    41 |   138 |    94 ||   273
         Trident           |       |       |       |    86 ||    86
         Sling             |       |       |       |     1 ||     1
         Hand cannon       |       |       |       |     1 ||     1
   Fire: Sling             |       |       |       |    18 ||    18
         Hand cannon       |       |       |       |    18 ||    18
   Cast: Sting             |    55 |    34 |    30 |     8 ||   127
         Mephitic Cloud    |       |     6 |    34 |    26 ||    66
         Sticky Flame      |       |       |    13 |    26 ||    39
         Olgreb's Toxic Ra |       |       |     3 |     4 ||     7
  Evoke: Wand              |       |       |    11 |     3 ||    14
    Use: Scroll            |       |    10 |     6 |    13 ||    29
         Potion            |       |     1 |     2 |     3 ||     6
   Stab: Sleeping          |       |     2 |       |       ||     2
         Confused          |       |     2 |    38 |    20 ||    60
 Armour: Robe              |    26 |   117 |   108 |   108 ||   359
  Dodge: Dodged            |    22 |   129 |    98 |    74 ||   323

Table legend: (Time is in decaauts)
 A = Elapsed time spent in this place.
 B = Non-inter-level travel time spent in this place.
 C = Inter-level travel time spent in this place.
 D = Time resting spent in this place.
 E = Time spent auto-exploring this place.
 F = Levels seen in this place.
 G = Mean time per level.
                   A        B        C        D        E       F      G
               +--------+--------+--------+--------+--------+-----+--------+
         Total |  11422 |  11124 |    298 |   2926 |   5457 |   9 | 1269.1 |
       Dungeon |  11148 |  10850 |    298 |   2834 |   5386 |   8 | 1393.5 |
          Lair |    274 |    274 |      0 |     92 |     71 |   1 |  274.0 |
               +--------+--------+--------+--------+--------+-----+--------+

Top non-repeatable levels by time:
     D:8: 1818 daAuts
     D:3: 1481 daAuts
     D:2: 1440 daAuts
     D:7: 1409 daAuts
     D:5: 1366 daAuts
     D:1: 1345 daAuts
     D:6: 1189 daAuts
     D:4: 1096 daAuts
  Lair:1: 274 daAuts
